| TOP OF THE 1ST |
|
Tijuana Toros batting - Pitching for Houston Colt .45's : LHP Jorge Ortiz
|
|
Pitching: LHP Jorge Ortiz
|
|
|
Batting: SHB Javy Franco
|
0-0: Called Strike 0-1: Swinging Strike 0-2: Ball 1-2: Ball 2-2: Ground out 6-3 (Groundball, 6, EV 85.0 MPH)
|
|
Batting: RHB Makoto Narita
|
0-0: Called Strike 0-1: Ball 1-1: Ground out 5-3 (Groundball, 56S, EV 90.0 MPH)
|
|
Batting: RHB Bob Magana
|
0-0: Swinging Strike 0-1: Ball 1-1: Ball 2-1: Ball 3-1: Base on Balls
|
|
Batting: LHB Chris Buchan
|
0-0: Ball 1-0: 2-RUN HOME RUN (Flyball, 7D, EV 100.0 MPH), Distance : 383 ft
|
|
Batting: LHB Jim Jardine
|
0-0: Ground out 4-3 (Groundball, 4, EV 102.5 MPH)
|
| Top of the 1st over - 2 runs, 1 hit, 0 errors, 0 left on base; Tijuana 2 - Houston 0 |
| BOTTOM OF THE 1ST |
|
Houston Colt .45's batting - Pitching for Tijuana Toros : LHP Yok-sing Zhào
|
|
Pitching: LHP Yok-sing Zhào
|
|
|
Batting: RHB Daniel Pena
|
0-0: Foul Ball, location: 2F 0-1: Ball 1-1: Ball 2-1: Called Strike 2-2: Foul Ball, location: 2F 2-2: Ball 3-2: Base on Balls
|
|
Batting: RHB John Moore
|
0-0: Ball 1-0: Ball Daniel Pena steals 2nd base 2-0: Ball 3-0: Base on Balls
|
|
Batting: LHB Bruce Arvizu
|
0-0: Foul Ball, location: 2F 0-1: Foul Ball, location: 2F 0-2: Fielders Choice at 2nd, 2-4 (Groundball, 2L, EV 67.5 MPH) Daniel Pena to third
|
|
Batting: RHB Jarno van Lente
|
0-0: Fielders Choice at 2nd, 1-6 (Groundball, 34S, EV 68.8 MPH)
|
|
Batting: LHB Bob Govella
|
0-0: Ball 1-0: Ball 2-0: Foul Ball, location: 2F 2-1: Foul Ball, location: 2F 2-2: Fielders Choice at 2nd, 6-4 (Groundball, 6, EV 104.4 MPH)
|
| Bottom of the 1st over - 0 runs, 0 hits, 0 errors, 2 left on base; Tijuana 2 - Houston 0 |
| TOP OF THE 2ND |
|
Tijuana Toros batting - Pitching for Houston Colt .45's : LHP Jorge Ortiz
|
|
Batting: RHB Kekoa Kahele
|
0-0: Called Strike 0-1: Swinging Strike 0-2: Strikes out swinging
|
|
Batting: RHB Tan-ming Kwan
|
0-0: Ball 1-0: Ball 2-0: Called Strike 2-1: Foul Ball, location: 2F 2-2: Fly out, F7 (Flyball, 7S, EV 78.1 MPH)
|
|
Batting: SHB Alex Noval
|
0-0: Fly out, F9 (Flyball, 9, EV 85.0 MPH)
|
| Top of the 2nd over - 0 runs, 0 hits, 0 errors, 0 left on base; Tijuana 2 - Houston 0 |
| BOTTOM OF THE 2ND |
|
Houston Colt .45's batting - Pitching for Tijuana Toros : LHP Yok-sing Zhào
|
|
Batting: SHB Terciero Ortiz
|
0-0: Called Strike 0-1: Foul Ball, location: 2F 0-2: Ball 1-2: Strikes out swinging
|
|
Batting: RHB Patrick Pinault
|
0-0: Ball 1-0: Foul Ball, location: 2F 1-1: Foul Ball, location: 2F 1-2: Ball 2-2: Foul Ball, location: 2F 2-2: Fly out, F4 (Popup, 4S, EV 80.6 MPH)
|
|
Batting: LHB Ryan Fridley
|
0-0: Ball 1-0: Called Strike 1-1: Swinging Strike 1-2: Fly out, F9 (Flyball, 9, EV 83.1 MPH)
|
| Bottom of the 2nd over - 0 runs, 0 hits, 0 errors, 0 left on base; Tijuana 2 - Houston 0 |
| TOP OF THE 3RD |
|
Tijuana Toros batting - Pitching for Houston Colt .45's : LHP Jorge Ortiz
|
|
Batting: RHB Yok-sing Zhào
|
0-0: Ball 1-0: Called Strike 1-1: Ball 2-1: Foul Ball, location: 2F 2-2: Strikes out swinging
|
|
Batting: SHB Javy Franco
|
0-0: Called Strike 0-1: Ball 1-1: Called Strike 1-2: Strikes out swinging
|
|
Batting: RHB Makoto Narita
|
0-0: Foul Ball, location: 2F 0-1: Ball 1-1: Ball 2-1: SOLO HOME RUN (Flyball, 7D, EV 98.8 MPH), Distance : 366 ft
|
|
Batting: RHB Bob Magana
|
0-0: Ball 1-0: Ball 2-0: Ball 3-0: Called Strike 3-1: Base on Balls
|
|
Batting: LHB Chris Buchan
|
0-0: Foul Ball, location: 2F 0-1: Ball Passed Ball! Bob Magana to second 1-1: Called Strike 1-2: Fly out, F7 (Line Drive, 7LM, EV 89.4 MPH)
|
| Top of the 3rd over - 1 run, 1 hit, 0 errors, 1 left on base; Tijuana 3 - Houston 0 |
| BOTTOM OF THE 3RD |
|
Houston Colt .45's batting - Pitching for Tijuana Toros : LHP Yok-sing Zhào
|
|
Batting: RHB Jason Monico
|
0-0: Ball 1-0: Ball 2-0: Ball 3-0: Called Strike 3-1: Called Strike 3-2: Strikes out swinging
|
|
Batting: RHB Daniel Pena
|
0-0: Ball 1-0: Called Strike 1-1: DOUBLE (Flyball, 8LXD, EV 106.9 MPH)
|
|
Batting: RHB John Moore
|
0-0: Ball 1-0: Called Strike 1-1: Foul Ball, location: 2F 1-2: Reached on error, E6 (Groundball, 6, EV 88.8 MPH) Daniel Pena to third
|
|
Batting: LHB Bruce Arvizu
|
0-0: Ball 1-0: Called Strike 1-1: Called Strike 1-2: Strikes out swinging
|
|
Batting: RHB Jarno van Lente
|
0-0: Foul Ball, location: 2F 0-1: Foul Ball, location: 2F 0-2: Ball 1-2: Strikes out swinging
|
| Bottom of the 3rd over - 0 runs, 1 hit, 1 error, 2 left on base; Tijuana 3 - Houston 0 |
| TOP OF THE 4TH |
|
Tijuana Toros batting - Pitching for Houston Colt .45's : LHP Jorge Ortiz
|
|
Batting: LHB Jim Jardine
|
0-0: Ball 1-0: Ball 2-0: Ball 3-0: Base on Balls
|
|
Batting: RHB Kekoa Kahele
|
0-0: Swinging Strike 0-1: Fly out, F7 (Flyball, 7LSF, EV 89.4 MPH)
|
|
Batting: RHB Tan-ming Kwan
|
0-0: Ball 1-0: Called Strike 1-1: Foul Ball, location: 2F 1-2: Ball 2-2: Foul Ball, location: 2F 2-2: Fly out, F8 (Flyball, 8RD, EV 90.0 MPH)
|
|
Batting: SHB Alex Noval
|
0-0: Called Strike 0-1: Fielders Choice at 2nd, 6-4 (Groundball, 6MD, EV 81.9 MPH)
|
| Top of the 4th over - 0 runs, 0 hits, 0 errors, 1 left on base; Tijuana 3 - Houston 0 |
| BOTTOM OF THE 4TH |
|
Houston Colt .45's batting - Pitching for Tijuana Toros : LHP Yok-sing Zhào
|
|
Batting: LHB Bob Govella
|
0-0: Foul Ball, location: 2F 0-1: Called Strike 0-2: Foul Ball, location: 2F 0-2: SINGLE (Flyball, 8LS, EV 101.9 MPH)
|
|
Batting: SHB Terciero Ortiz
|
0-0: Ball 1-0: Called Strike 1-1: Swinging Strike 1-2: DOUBLE (Flyball, 8LXD, EV 90.0 MPH) Bob Govella to third
|
|
Batting: RHB Patrick Pinault
|
0-0: Ball 1-0: Ball 2-0: Ball 3-0: Base on Balls
|
|
Batting: LHB Ryan Fridley
|
0-0: Ball 1-0: Swinging Strike 1-1: Called Strike 1-2: Strikes out looking
|
|
Batting: RHB Jason Monico
|
0-0: Called Strike 0-1: Foul Ball, location: 2F 0-2: Ball 1-2: Ball 2-2: Ball 3-2: Strikes out swinging
|
|
Batting: RHB Daniel Pena
|
0-0: Ball 1-0: Called Strike 1-1: Foul Ball, location: 2F 1-2: Strikes out swinging
|
| Bottom of the 4th over - 0 runs, 2 hits, 0 errors, 3 left on base; Tijuana 3 - Houston 0 |
| TOP OF THE 5TH |
|
Tijuana Toros batting - Pitching for Houston Colt .45's : LHP Jorge Ortiz
|
|
Batting: RHB Yok-sing Zhào
|
0-0: Ball 1-0: Foul Ball, location: 2F 1-1: Ball 2-1: Ball 3-1: Foul Ball, location: 2F 3-2: Base on Balls
|
|
Batting: SHB Javy Franco
|
0-0: Called Strike 0-1: Called Strike 0-2: Ball Yok-sing Zhào is caught stealing 2nd base 2-4 1-2: Ball 2-2: Ball 3-2: Foul Ball, location: 2F 3-2: SINGLE (Groundball, 34D, EV 98.1 MPH)
|
|
Batting: RHB Makoto Narita
|
0-0: Ball Javy Franco steals 2nd base 1-0: Ball 2-0: Ball Passed Ball! Javy Franco to third 3-0: Called Strike 3-1: Foul Ball, location: 2F 3-2: Fly out, F7 (Line Drive, 7LS, EV 92.5 MPH)
|
|
Batting: RHB Bob Magana
|
0-0: Ball 1-0: SINGLE (Groundball, 34D, EV 98.1 MPH) Javy Franco scores
|
|
Batting: LHB Chris Buchan
|
0-0: Ball 1-0: Fly out, F8 (Flyball, 8LD, EV 105.6 MPH)
|
| Top of the 5th over - 1 run, 2 hits, 0 errors, 1 left on base; Tijuana 4 - Houston 0 |
| BOTTOM OF THE 5TH |
|
Houston Colt .45's batting - Pitching for Tijuana Toros : LHP Yok-sing Zhào
|
|
Batting: RHB John Moore
|
0-0: Called Strike 0-1: Ball 1-1: Ball 2-1: Fly out, F9 (Flyball, 9S, EV 81.9 MPH)
|
|
Batting: LHB Bruce Arvizu
|
0-0: Reached on error, E4 (Groundball, 4, EV 101.9 MPH)
|
|
Batting: RHB Jarno van Lente
|
0-0: Foul Ball, location: 2F 0-1: Foul Ball, location: 2F 0-2: Foul Ball, location: 2F 0-2: Ball Bruce Arvizu steals 2nd base 1-2: Strikes out swinging
|
|
Batting: LHB Bob Govella
|
0-0: Ball 1-0: Fly out, F3 (Flyball, 34D, EV 86.9 MPH)
|
| Bottom of the 5th over - 0 runs, 0 hits, 1 error, 1 left on base; Tijuana 4 - Houston 0 |
| TOP OF THE 6TH |
|
Tijuana Toros batting - Pitching for Houston Colt .45's : LHP Jorge Ortiz
|
|
Batting: LHB Jim Jardine
|
0-0: Foul Ball, location: 2F 0-1: Ball 1-1: Ball 2-1: Foul Ball, location: 2F 2-2: Ball 3-2: Strikes out swinging
|
|
Batting: RHB Kekoa Kahele
|
0-0: Called Strike 0-1: Called Strike 0-2: Ball 1-2: Foul Ball, location: 2F 1-2: Foul Ball, location: 2F 1-2: Ball 2-2: Fly out, F3 (Popup, 3SF, EV 81.9 MPH)
|
|
Batting: RHB Tan-ming Kwan
|
0-0: Ball 1-0: Called Strike 1-1: Called Strike 1-2: Foul Ball, location: 2F 1-2: Foul Ball, location: 2F 1-2: Strikes out looking
|
| Top of the 6th over - 0 runs, 0 hits, 0 errors, 0 left on base; Tijuana 4 - Houston 0 |
| BOTTOM OF THE 6TH |
|
Houston Colt .45's batting - Pitching for Tijuana Toros : LHP Yok-sing Zhào
|
|
Batting: SHB Terciero Ortiz
|
0-0: Foul Ball, location: 2F 0-1: Ground out 5-3 (Groundball, 56, EV 88.1 MPH)
|
|
Batting: RHB Patrick Pinault
|
0-0: Called Strike 0-1: SOLO HOME RUN (Flyball, 78XD, EV 100.0 MPH), Distance : 414 ft
|
|
Batting: LHB Ryan Fridley
|
0-0: Ball 1-0: Ball 2-0: Ground out 1-3 (Groundball, 34S, EV 73.8 MPH)
|
|
Batting: RHB Jason Monico
|
0-0: Ball 1-0: Called Strike 1-1: Ball 2-1: Swinging Strike 2-2: Ball 3-2: SINGLE (Flyball, 7LS, EV 90.6 MPH)
|
|
Batting: RHB Daniel Pena
|
0-0: Ball 1-0: Ball 2-0: Ball Jason Monico is caught stealing 2nd base 2-4
|
| Bottom of the 6th over - 1 run, 2 hits, 0 errors, 0 left on base; Tijuana 4 - Houston 1 |
| TOP OF THE 7TH |
|
Tijuana Toros batting - Pitching for Houston Colt .45's : LHP Jorge Ortiz
|
|
Batting: SHB Alex Noval
|
0-0: Ground out 4-3 (Groundball, 4, EV 92.5 MPH)
|
|
Batting: RHB Yok-sing Zhào
|
0-0: Ball 1-0: Ball 2-0: Ball 3-0: Base on Balls
|
|
Pitching: RHP Tim Evans
|
|
|
Batting: SHB Javy Franco
|
0-0: Ball Yok-sing Zhào is caught stealing 2nd base 2-6 1-0: Ball 2-0: SINGLE (Flyball, 78S, EV 100.0 MPH)
|
|
Batting: RHB Makoto Narita
|
0-0: Ball 1-0: Ball 2-0: Called Strike 2-1: Fielders Choice at 2nd, 5-4 (Groundball, 56, EV 88.1 MPH)
|
| Top of the 7th over - 0 runs, 1 hit, 0 errors, 1 left on base; Tijuana 4 - Houston 1 |
| BOTTOM OF THE 7TH |
|
Houston Colt .45's batting - Pitching for Tijuana Toros : LHP Yok-sing Zhào
|
|
Pitching: RHP Keith Birely
|
|
|
Batting: RHB Daniel Pena
|
0-0: Foul Ball, location: 2F 0-1: Called Strike 0-2: Foul Ball, location: 2F 0-2: DOUBLE (Flyball, 8RXD, EV 98.1 MPH)
|
|
Batting: RHB John Moore
|
0-0: Called Strike 0-1: Ball 1-1: TRIPLE (Flyball, 78XD, EV 94.4 MPH) Daniel Pena scores
|
|
Batting: LHB Bruce Arvizu
|
0-0: Ball 1-0: Swinging Strike 1-1: Swinging Strike 1-2: Strikes out swinging
|
|
Batting: RHB Jarno van Lente
|
0-0: Foul Ball, location: 2F 0-1: Ball 1-1: Foul Ball, location: 2F 1-2: Ball 2-2: Foul Ball, location: 2F 2-2: Strikes out swinging
|
|
Batting: LHB Bob Govella
|
0-0: Ball 1-0: Foul Ball, location: 2F 1-1: Ball 2-1: Ball 3-1: Base on Balls
|
|
Pitching: RHP Jimmy Hitchcock
|
|
|
Batting: SHB Terciero Ortiz
|
0-0: Ball 1-0: Called Strike 1-1: Ball 2-1: Fly out, F7 (Flyball, 7S, EV 76.2 MPH)
|
| Bottom of the 7th over - 1 run, 2 hits, 0 errors, 2 left on base; Tijuana 4 - Houston 2 |
| TOP OF THE 8TH |
|
Tijuana Toros batting - Pitching for Houston Colt .45's : RHP Tim Evans
|
|
Batting: RHB Bob Magana
|
0-0: Foul Ball, location: 2F 0-1: Hit by Pitch
|
|
Batting: LHB Chris Buchan
|
0-0: Ball 1-0: Swinging Strike 1-1: Ball 2-1: Called Strike 2-2: Strikes out swinging
|
|
Batting: LHB Jim Jardine
|
0-0: Foul Ball, location: 2F 0-1: Ball Passed Ball! Bob Magana to second 1-1: Ball 2-1: Ball 3-1: Foul Ball, location: 2F 3-2: Fly out, F3 (Flyball, 3D, EV 88.1 MPH)
|
|
Batting: RHB Kekoa Kahele
|
0-0: Swinging Strike 0-1: Ball 1-1: Ground out 5-3 (Groundball, 5S, EV 83.1 MPH)
|
| Top of the 8th over - 0 runs, 0 hits, 0 errors, 1 left on base; Tijuana 4 - Houston 2 |
| BOTTOM OF THE 8TH |
|
Houston Colt .45's batting - Pitching for Tijuana Toros : RHP Jimmy Hitchcock
|
|
Now at 1B: David Watkins
|
|
|
Batting: RHB Patrick Pinault
|
0-0: Ball 1-0: Swinging Strike 1-1: Ball 2-1: Fly out, F7 (Flyball, 7S, EV 96.2 MPH)
|
|
Batting: LHB Ryan Fridley
|
0-0: Fly out, F5 (Popup, 5SF, EV 75.6 MPH)
|
|
Batting: RHB Jason Monico
|
0-0: Foul Ball, location: 2F 0-1: Called Strike 0-2: Ball 1-2: Foul Ball, location: 2F 1-2: Ball 2-2: Fly out, F7 (Flyball, 7, EV 83.1 MPH)
|
| Bottom of the 8th over - 0 runs, 0 hits, 0 errors, 0 left on base; Tijuana 4 - Houston 2 |
| TOP OF THE 9TH |
|
Tijuana Toros batting - Pitching for Houston Colt .45's : RHP Tim Evans
|
|
Pitching: LHP Rod Somerville
|
|
|
Pinch Hitting: RHB Jason Baldwin
|
0-0: Ball 1-0: DOUBLE (Groundball, 5L, EV 100.0 MPH)
|
|
Batting: SHB Alex Noval
|
0-0: Called Strike 0-1: Swinging Strike 0-2: Ball 1-2: Strikes out swinging
|
|
Batting: RHB Juan Gallegos
|
0-0: Called Strike 0-1: Hit by Pitch
|
|
Batting: SHB Javy Franco
|
0-0: Foul Ball, location: 2F 0-1: Ball 1-1: SINGLE (Line Drive, 9LM, EV 96.9 MPH) Jason Baldwin to third Juan Gallegos to second Runner from 3rd tries for Home, SAFE, throw by RF to home
|
|
Batting: RHB Makoto Narita
|
0-0: Foul Ball, location: 2F 0-1: Grounds into double play, 6-4-3 (Groundball, 6, EV 80.6 MPH)
|
| Top of the 9th over - 1 run, 2 hits, 0 errors, 1 left on base; Tijuana 5 - Houston 2 |
| BOTTOM OF THE 9TH |
|
Houston Colt .45's batting - Pitching for Tijuana Toros : RHP Jimmy Hitchcock
|
|
Now in LF: Jerry Afghani
|
|
|
Now in CF: Alex Noval
|
|
|
Batting: RHB Daniel Pena
|
0-0: Called Strike 0-1: Ball 1-1: Swinging Strike 1-2: Ball 2-2: Ball 3-2: Foul Ball, location: 2F 3-2: Foul Ball, location: 2F 3-2: Base on Balls
|
|
Batting: RHB John Moore
|
0-0: Ball 1-0: Ball 2-0: Foul Ball, location: 2F 2-1: Foul Ball, location: 2F 2-2: Foul Ball, location: 2F 2-2: Foul Ball, location: 2F 2-2: Ball 3-2: Base on Balls Daniel Pena to second
|
|
Batting: LHB Bruce Arvizu
|
0-0: 3-RUN HOME RUN (Flyball, 9D, EV 102.5 MPH), Distance : 378 ft
|
|
Pitching: LHP Conor Bailey
|
|
|
Batting: RHB Jarno van Lente
|
0-0: Called Strike 0-1: Foul Ball, location: 2F 0-2: Fly out, F8 (Line Drive, 8RD, EV 103.1 MPH)
|
|
Batting: LHB Bob Govella
|
0-0: Ball 1-0: Ball 2-0: Foul Ball, location: 2F 2-1: Foul Ball, location: 2F 2-2: Foul Ball, location: 2F 2-2: Foul Ball, location: 2F 2-2: Strikes out swinging
|
|
Batting: SHB Terciero Ortiz
|
0-0: Foul Ball, location: 2F 0-1: Ball 1-1: Foul Ball, location: 2F 1-2: Strikes out looking
|
| Bottom of the 9th over - 3 runs, 1 hit, 0 errors, 0 left on base; Tijuana 5 - Houston 5 |
| TOP OF THE 10TH |
|
Tijuana Toros batting - Pitching for Houston Colt .45's : LHP Rod Somerville
|
|
Batting: RHB Bob Magana
|
0-0: Foul Ball, location: 2F 0-1: Foul Ball, location: 2F 0-2: Ball 1-2: Foul Ball, location: 2F 1-2: Ball 2-2: Hit by Pitch
|
|
Batting: RHB David Watkins
|
0-0: Called Strike 0-1: Hit by Pitch Bob Magana to second
|
|
Pinch Runner at 2nd Fernão Manta:
|
|
|
Pinch Hitting: RHB Djoka Subasic
|
0-0: Ball 1-0: Ball 2-0: Ball 3-0: Base on Balls Fernão Manta to third David Watkins to second
|
|
Batting: RHB Kekoa Kahele
|
0-0: Called Strike 0-1: DOUBLE (Line Drive, 5D, EV 98.1 MPH) Fernão Manta scores David Watkins scores Djoka Subasic to third
|
|
Batting: RHB Jerry Afghani
|
0-0: Ground out 4-3 (Groundball, 4, EV 79.4 MPH) Djoka Subasic scores Kekoa Kahele to third
|
|
Pitching: RHP Vinny Salazar
|
|
|
Batting: SHB Alex Noval
|
0-0: Ball Wild Pitch! Kekoa Kahele scores 1-0: Ball 2-0: Foul Ball, location: 2F 2-1: Ball 3-1: Foul Ball, location: 2F 3-2: Strikes out swinging
|
|
Batting: RHB Juan Gallegos
|
0-0: Called Strike 0-1: Swinging Strike 0-2: Ground out 4-3 (Groundball, 4, EV 93.8 MPH)
|
| Top of the 10th over - 4 runs, 1 hit, 0 errors, 0 left on base; Tijuana 9 - Houston 5 |
| BOTTOM OF THE 10TH |
|
Houston Colt .45's batting - Pitching for Tijuana Toros : LHP Conor Bailey
|
|
Now at C: Roberto Sotelo
|
|
|
Now at SS: Djoka Subasic
|
|
|
Batting: RHB Patrick Pinault
|
0-0: Fly out, F8 (Flyball, 8LD, EV 106.2 MPH)
|
|
Batting: LHB Ryan Fridley
|
0-0: SINGLE (Line Drive, 56, EV 103.1 MPH)
|
|
Batting: RHB Jason Monico
|
0-0: Called Strike 0-1: Swinging Strike 0-2: Grounds into double play, 2-6-3 (Groundball, 2R, EV 66.9 MPH)
|
| Bottom of the 10th over - 0 runs, 1 hit, 0 errors, 0 left on base; Tijuana 9 - Houston 5 |
|